 Dungeon Crawl Stone Soup version 0.29.1-15-g9cfb28693d (webtiles) character file.

Game seed: 12719875139772391873

1417 cowcol the Cleaver (level 8, 0/71 HPs)
             Began as a Minotaur Fighter on Mar 24, 2023.
             Was an Initiate of Okawaru.
             Slain by an orc warrior
             ... wielding a +0 glaive
              (3 damage)
             ... on level 7 of the Dungeon.
             The game lasted 00:15:04 (8902 turns).

cowcol the Cleaver (Minotaur Fighter)               Turns: 8902, Time: 00:15:05

Health: 0/71       AC: 13    Str: 26    XL:     8   Next: 43%
Magic:  7/7        EV:  8    Int:  5    God:    Okawaru [......]
Gold:   272        SH:  5    Dex: 19    Spells: 7/7 levels left

rFire   . . .      SeeInvis .   a - +0 war axe
rCold   . . .      Faith    .   c - +0 buckler
rNeg    . . .      Spirit   .   y - +0 chain mail
rPois   .          Reflect  .   (helmet restricted)
rElec   .          Harm     .   (no cloak)
rCorr   .          Rampage  .   A - +0 pair of gloves
Will    .....                   k - +0 pair of boots
Stlth   ..........              (no amulet)
HPRegen 0.21/turn               z - +6 ring of strength
MPRegen 0.10/turn               G - +6 ring of dexterity

@: no status effects
A: horns 2, retaliatory headbutt
a: Renounce Religion


You were on level 7 of the Dungeon.
You worshipped Okawaru.
Okawaru was noncommittal.
You visited 2 branches of the dungeon, and saw 8 of its levels.

You collected 272 gold pieces.

Inventory:

Hand Weapons
 a - a +0 war axe (weapon)
Missiles
 h - 48 stones
 l - 10 javelins (quivered)
 q - 10 poisoned darts
Armour
 b - a +0 scale mail
 c - a +0 buckler (worn)
 k - a +0 pair of boots (worn)
 y - a +0 chain mail (worn)
 A - a +0 pair of gloves (worn)
 F - a +1 ring mail of cold resistance
 H - a +0 pair of boots
Jewellery
 i - an amulet of magic regeneration
 z - a +6 ring of strength (left hand)
 G - a +6 ring of dexterity (right hand)
Wands
 d - a wand of polymorph (19)
 j - a wand of digging (3)
 p - a wand of paralysis (8)
Scrolls
 e - 3 scrolls of enchant weapon
 f - 4 scrolls of teleportation
 o - a scroll of blinking
 s - a scroll of vulnerability {unknown}
 t - a scroll of fear {unknown}
 u - 2 scrolls of poison
 w - a scroll of fog {unknown}
 B - a scroll of enchant armour {unknown}
 D - a scroll of torment {unknown}
Potions
 g - a potion of ambrosia {unknown}
 m - 2 potions of heal wounds {unknown}
 n - a potion of curing {unknown}
 v - a potion of mutation {unknown}
 x - 3 potions of magic {unknown}
 C - a potion of cancellation {unknown}
 E - 3 potions of might


   Skills:
 + Level 6.5 Fighting
 + Level 9.1 Axes
 - Level 2.0 Throwing
 + Level 7.4 Armour
 - Level 3.6 Shields


You had 7 spell levels left.
You didn't know any spells.
Your spell library contained the following spells:

 Spells                   Type           Power      Damage    Failure   Level
 Freeze                   Ice            0%         1d3       98%         1
 Shock                    Conj/Air       0%         1d3       98%         1
 Frozen Ramparts          Ice            0%         1d1       100%        3
 Swiftness                Air            0%         N/A       100%        3
 Airstrike                Air            0%         2d(0-16)  100%        4
 Hailstorm                Conj/Ice       0%         3d3       100%        4


Dungeon Overview and Level Annotations

Branches:
Dungeon (7/15)             Temple (1/1) D:6

Altars:
Ashenzari
Cheibriados
Fedhas
Gozag
Hepliaklqana
Kikubaaqudgha
Makhleb
Nemelex Xobeh
Okawaru
Qazlal
Ru
Sif Muna
Trog
Uskayaw
Vehumet
Wu Jian
Xom
Yredelemnul
Zin
The Shining One

Shops:
D:1 !


Innate Abilities, Weirdness & Mutations

You have a pair of horns on your head.
You reflexively headbutt those who attack you in melee.


Message History

The orc warrior is moderately wounded.
You hit the orc warrior. The orc warrior barely misses you.
The orc warrior hits you with a +0 battleaxe!
You closely miss the orc warrior.
The orc warrior is moderately wounded.
You hit the orc warrior but do no damage.
The orc warrior hits you with a +0 glaive.
The orc warrior hits you with a +0 battleaxe.
You hit the orc warrior.
You headbutt the orc warrior, but do no damage.
The orc warrior is moderately wounded.
You closely miss the orc warrior.
The orc warrior hits you with a +0 glaive!
* * * LOW HITPOINT WARNING * * *
You block the orc warrior's attack.
You slice the orc warrior!! You headbutt the orc warrior.
The orc warrior is almost dead.
You hit the orc warrior but do no damage.
The orc warrior barely misses you. You furiously retaliate!
You headbutt the orc warrior!
The orc warrior hits you with a +0 battleaxe.
* * * LOW HITPOINT WARNING * * *
You slash the orc warrior!
You kill the orc warrior!
Okawaru accepts your kill.
You hit the orc warrior.
The orc warrior hits you but does no damage.
Your Axes skill increases to level 9!
An orc comes into view. It is wielding a +0 mace.
The orc shouts!
The orc warrior barely misses you.
Things that are here:
a +0 battleaxe; a +0 plate armour; an orc corpse You hit the orc warrior but do no damage.
You headbutt the orc warrior, but do no damage.
The orc warrior is almost dead.
The orc warrior hits you with a +0 glaive!
* * * LOW HITPOINT WARNING * * *
The orc warrior hits you with a +0 glaive.
You die...

..#. .... .....
##############.....
...................
................#
..............#.#.#
.........).@.......
.......))<.o.##.o..
......)[[..........
......)....#....#.
........>..##..##
...........# ++#
.....#.....#
###....##### ......


You could see an orc warrior and an orc.

Vanquished Creatures
  A water moccasin (D:6)
  An orc warrior (D:7)
  An ice beast (D:6)
  An ogre (D:5)
  A centaur (D:5)
  A bullfrog (D:6)
  A necrophage (D:4)
  3 scorpions
  A howler monkey (D:6)
  A hound (D:5)
  5 orc priests
  4 iguanas
  Ijyb (D:3)
  An orc wizard (D:3)
  11 adders
  4 gnolls (D:5)
  3 ufetubi
  A worm (D:2)
  6 dart slugs
  14 orcs
  9 endoplasms
  A giant cockroach (D:3)
  11 goblins
  6 hobgoblins
  13 jackals
  8 kobolds
  6 quokkas
  7 ball pythons
  4 bats
  2 frilled lizards
  7 rats
136 creatures vanquished.

Notes
Turn   | Place    | Note
-------+----------+-------------------------------------------
     0 | D:1      | cowcol the Minotaur Fighter began the quest for the Orb.
     0 | D:1      | Reached XP level 1. HP: 19/19 MP: 0/0
   265 | D:1      | Reached XP level 2. HP: 27/27 MP: 1/1
   606 | D:1      | Reached XP level 3. HP: 34/34 MP: 2/2
  1253 | D:1      | Reached skill level 3 in Axes
  1277 | D:1      | Found Cuoff's Distillery.
  2263 | D:2      | Reached XP level 4. HP: 41/41 MP: 3/3
  3923 | D:3      | Reached skill level 4 in Axes
  3923 | D:3      | Reached skill level 1 in Throwing
  3923 | D:3      | Reached XP level 5. HP: 47/47 MP: 4/4
  4004 | D:3      | Found a faded altar of an unknown god.
  4083 | D:3      | Noticed Ijyb
  4099 | D:3      | Reached skill level 5 in Armour
  4105 | D:3      | Killed Ijyb
  4477 | D:3      | Identified the +1 spear of the Orb {vorpal, rPois Will+
                  | rCorr Dex+3}
  5002 | D:4      | Reached skill level 5 in Axes
  5020 | D:4      | Reached skill level 5 in Fighting
  5020 | D:4      | Reached XP level 6. HP: 46/56 MP: 5/5
  5423 | D:4      | Reached skill level 6 in Axes
  5614 | D:5      | Entered Level 5 of the Dungeon
  5799 | D:5      | Reached XP level 7. HP: 20/61 MP: 6/6
  6454 | D:5      | Reached skill level 7 in Axes
  7315 | D:6      | Reached skill level 8 in Axes
  7497 | D:6      | Found a staircase to the Ecumenical Temple.
  7503 | Temple   | Entered the Ecumenical Temple
  7601 | Temple   | Became a worshipper of Warmaster Okawaru
  8014 | D:6      | Reached XP level 8. HP: 62/70 MP: 7/7
  8901 | D:7      | Reached skill level 9 in Axes
  8902 | D:7      | HP: 3/71 [orc warrior/+0 glaive (15)]
  8902 | D:7      | Slain by an orc warrior

Illustrated notes

Levels and vault maps discovered:
D:1:      evilmike_arrival_plus, layout_basic, serial_shops,
          nicolae_diamond_shop, chequers_decorated_corner
D:2:      layout_basic
D:3:      kennysheep_goblin_castle, layout_loops_ring, serial_rivers,
          chequers_serial_rivers_small_3, chequers_serial_rivers_micro_e,
          chequers_serial_rivers_micro_b, chequers_serial_rivers_small_3,
          ebering_ecumenical_altar_mist
D:4:      layout_cave_pools
D:5:      layout_basic, serial_park_tiny_2, minmay_statues_item
D:6:      layout_basic, minmay_temple_entry_hall
D:7:      layout_rooms, gammafunk_temple_overflow_wave, enter_bailey_4,
          minmay_diced_spiral
Temple:   nicolae_temple_bog_church

Skill      XL: |  1  2  3  4  5  6  7  8 |
---------------+-------------------------+-----
Fighting       | 4 5 6 |  6.5
Armour         | 4 5 6 7 |  7.4
Axes           | 3 4 5 6 8 9 |  9.1
Throwing       | 1 2 |  2.0
Shields        | |  3.6

Action                   |  1- 3 |  4- 6 |  7- 9 || total
-------------------------+-------+-------+-------++-------
Melee: War axe           |    82 |   122 |    78 ||   282
       Headbutt          |     7 |    17 |    15 ||    39
       Unarmed           |       |     3 |       ||     3
Throw: Javelin           |     8 |    13 |    19 ||    40
       Stone             |     2 |       |       ||     2
Evoke: Wand              |       |     2 |       ||     2
  Use: Potion            |     1 |     1 |       ||     2
       Scroll            |       |     6 |     2 ||     8
Armor: Scale mail        |    40 |    59 |       ||    99
       Chain mail        |       |     5 |    46 ||    51
Dodge: Dodged            |    46 |    61 |    33 ||   140
Block: Buckler           |    16 |    28 |    23 ||    67
